 Dungeon Crawl Stone Soup version 0.31.0-11-ge490571c62 (webtiles) character file.

Game seed: 6047552251698108179

240 qw the Ducker (level 5, -1/26 HPs)
             Began as a Spriggan Hunter on Feb 3, 2024.
             Slain by an orc priest
             ... wielding a +0 club
              (5 damage)
             ... on level 3 of the Dungeon.
             The game lasted 00:00:05 (1504 turns).

qw the Ducker (Spriggan Hunter)                     Turns: 1504, Time: 00:00:05

Health: -1/26      AC:  2    Str:  7    XL:     5   Next: 79%
Magic:  6/6        EV: 27    Int:  5    God:
Gold:   61         SH:  0    Dex: 21    Spells: 4/4 levels left

rFire   x . .        a - +0 shortbow
rCold   . . .        (shield currently unavailable)
rNeg    . . .        c - +0 robe
rPois   .            (helmet restricted)
rElec   .            (no cloak)
rCorr   +            (gloves unavailable)
SInv    +            (boots unavailable)
Will    .....        (no amulet)
Stlth   ++           b - ring of Guiph {rF- rCorr EV+5 Int-5 Slay+5}
HPRegen 0.24/turn    (no ring)
MPRegen 0.10/turn

%: no passive effects
@: very quick
A: very small, no large weapons, unfitting armour, see invisible, speed 3
a: no special abilities


You were on level 3 of the Dungeon.
You visited 1 branch of the dungeon, and saw 3 of its levels.

You collected 61 gold pieces.


Innate Abilities, Weirdness & Mutations

You are very small and have problems with some larger weapons.
You are too small for most types of armour.
You have supernaturally acute eyesight. (SInv)
You cover ground extremely quickly. (Speed+++)


   Skills:
 + Level 1.9 Fighting
 - Level 5.0 Ranged Weapons
 - Level 6.9 Dodging
 - Level 1.5 Stealth


You had 4 spell levels left.
You didn't know any spells.
Your spell library was empty.

Inventory:

Hand Weapons
 a - a +0 shortbow (weapon)
Armour
 c - a +0 robe (worn)
Jewellery
 b - the ring of Guiph (left hand) {rF- rCorr EV+5 Int-5 Slay+5}
   (You acquired it on level 2 of the Dungeon)

   [ring of evasion]

   EV+5:      It affects your evasion (+5).
   Int-5:     It affects your intelligence (-5).
   Slay+5:    It affects your accuracy & damage with ranged weapons and melee
   (+5).
   rF-:       It makes you vulnerable to fire.
   rCorr:     It protects you from acid and corrosion.
Potions
 d - a potion of attraction {unknown}

Dungeon Overview and Level Annotations

Branches:
Dungeon (3/15)

Altars:
Ashenzari


Message History

The orc closely misses you.
You shoot an arrow. The arrow hits the orc!
You kill the orc!
You start resting.
An orc comes into view. It is wielding a +0 flail.
1467 ||| FLEEEEING.
1468 ||| FLEEEEING.
1469 ||| FLEEEEING.
You start resting.
An iguana comes into view.
1479 ||| FLEEEEING.
1480 ||| FLEEEEING.
1481 ||| FLEEEEING.
You start resting.
HP restored.
An orc is nearby!
You shoot an arrow. The orc shouts!
The arrow hits the orc.
The orc is almost dead.
You hear a shout!
You shoot an arrow. The arrow closely misses the orc.
You hear a shout!
An orc priest comes into view. It is wielding a +0 club.
You shoot an arrow. The arrow barely misses the orc.
The orc priest calls down the wrath of Beogh upon you.
Beogh smites you!
You hear a shout!
You shoot an arrow. The arrow hits the orc.
You kill the orc!
You hear an angry hiss.
You shoot an arrow. The arrow hits the orc priest.
The orc priest is moderately wounded.
You shoot an arrow. The arrow hits the orc priest.
The orc priest is heavily wounded.
The orc priest calls down the wrath of Beogh upon you.
Beogh smites you!
You shoot an arrow. The arrow barely misses the orc priest.
The orc priest hits you with a +0 club.
You die...

...... ..%
#o... #.#
#.... #.#
#..)##.###.#
#........#
#...##.#####
######## ##.#
#.# #.......
#. #o#
#.###### #
#@#########.#
#...........#
#############


You could see an orc priest.

Vanquished Creatures
  Sigmund (D:2)
  An adder (D:2)
  4 dart slugs
  3 ribbon worms (D:2)
  3 orcs (D:3)
  3 ball pythons
  3 endoplasms
  4 giant cockroaches
  6 goblins
  A hobgoblin (D:2)
  3 jackals (D:2)
  4 kobolds
  4 quokkas
  3 bats (D:2)
  4 frilled lizards
  8 rats
55 creatures vanquished.

Notes
Turn   | Place    | Note
-------+----------+-------------------------------------------
     0 | D:1      | qw the Spriggan Hunter began the quest for the Orb.
     0 | D:1      | Reached XP level 1. HP: 10/10 MP: 2/2
     0 | D:1      | 0 ||| qw: Version: 0.3-a-155-g5e7d8dd
     0 | D:1      | 0 ||| qw: Game counter: 3534
     0 | D:1      | 0 ||| qw: Melee chars always use a shield: true
     0 | D:1      | 0 ||| qw: God list: Okawaru
     0 | D:1      | 0 ||| qw: Allow faded altars: false
     0 | D:1      | 0 ||| qw: Do Orc after clearing Dungeon:15 true
     0 | D:1      | 0 ||| qw: Do second Lair branch before Depths: true
     0 | D:1      | 0 ||| qw: Lair rune preference: random
     0 | D:1      | 0 ||| qw: Goals: Normal
     0 | D:1      | 0 ||| PLANNING D:1-11
    63 | D:1      | Reached skill level 3 in Dodging
   232 | D:1      | Reached XP level 2. HP: 14/14 MP: 3/3
   284 | D:1      | Reached skill level 4 in Dodging
   514 | D:1      | Reached XP level 3. HP: 18/18 MP: 4/4
   707 | D:1      | 707 ||| DROPPING +6 ring of intelligence.
   708 | D:1      | 708 ||| READING scroll labelled QIXUGG AP RAKU.
   713 | D:1      | 713 ||| DROPPING scroll of butterflies.
   944 | D:2      | Found a broken altar of Ashenzari.
  1193 | D:2      | Noticed Sigmund
  1202 | D:2      | Killed Sigmund
  1203 | D:2      | Reached skill level 6 in Dodging
  1203 | D:2      | Reached XP level 4. HP: 10/22 MP: 5/5
  1203 | D:2      | Reached XP level 5. HP: 11/25 MP: 6/6
  1313 | D:2      | 1313 ||| DROPPING ring of wizardry.
  1314 | D:2      | 1314 ||| READING scroll labelled LUCOUTUMPO.
  1315 | D:2      | 1315 ||| READING scroll labelled RIGOWIUBBIR.
  1315 | D:2      | Identified a scroll of acquirement
  1315 | D:2      | 1315 ||| ACQUIRING ring of Guiph {rF- rCorr EV+5 Int-5
                  | Slay+5}
  1315 | D:2      | Acquired the ring of Guiph {rF- rCorr EV+5 Int-5 Slay+5}
  1317 | D:2      | 1317 ||| UPGRADING to ring of Guiph {rF- rCorr EV+5 Int-5
                  | Slay+5}.
  1467 | D:3      | 1467 ||| FLEEEEING.
  1468 | D:3      | 1468 ||| FLEEEEING.
  1469 | D:3      | 1469 ||| FLEEEEING.
  1479 | D:3      | 1479 ||| FLEEEEING.
  1480 | D:3      | 1480 ||| FLEEEEING.
  1481 | D:3      | 1481 ||| FLEEEEING.
  1503 | D:3      | HP: 3/26 [orc priest/divine providence (12)]
  1504 | D:3      | Slain by an orc priest

Levels and vault maps discovered:
D:1:      amcnicky_arrival_double_pillar, layout_basic,
          minmay_misc_feat_encased, minmay_tromino_i2
D:2:      layout_basic, basic_altar, uniq_sigmund
D:3:      minmay_razor_zed, layout_loops_ring, hangedman_decor_growths

Skill      XL: |  1  2  3 |
---------------+----------+-----
Dodging        | 3 4 6 |  6.9
Ranged Weapons | 5 |  5.0
Fighting       | |  1.9
Stealth        | |  1.5

Action                     |  1- 3 |  4- 6 || total
---------------------------+-------+-------++-------
   Fire: Shortbow          |   103 |    29 ||   132
    Use: Scroll            |     1 |     2 ||     3
 Armour: Robe              |     7 |     4 ||    11
  Dodge: Dodged            |    19 |     8 ||    27

Table legend:
 A = Non-vault XP
 B = Vault XP
 C = Vault XP percentage of total XP
 D = Non-vault monster count
 E = Vault monster count
 F = Vault count percentage of total count
                 A         B        C        D         E       F
            +---------+---------+-------+---------+---------+-------
      Total |     116 |     227 |  66.2 |      52 |       3 |   5.5
            +---------+---------+-------+---------+---------+-------
        D:1 |      38 |       4 |   9.5 |      20 |       2 |   9.1
        D:2 |      59 |     223 |  79.1 |      23 |       1 |   4.2
        D:3 |      19 |       0 |   0.0 |       9 |       0 |   0.0
            +---------+---------+-------+---------+---------+-------
